 Dungeon Crawl Stone Soup version 0.22.1-1-ga44c0e5 (webtiles) character file.

41 Harpaggios the Sneak (level 3, -3/16 HPs)
             Began as a Vine Stalker Enchanter on Oct 22, 2018.
             Slain by a gnoll
             ... wielding a +0 spear
              (6 damage)
             ... on level 2 of the Dungeon.
             The game lasted 00:06:43 (2155 turns).

Harpaggios the Sneak (Vine Stalker Enchanter)       Turns: 2155, Time: 00:06:43

Health: -3/16      AC:  2    Str: 10    XL:     3   Next: 52%
Magic:  0/7        EV: 12    Int: 15    God:
Gold:   55         SH:  0    Dex: 15    Spells: 5/6 levels left

rFire    . . .     SeeInvis .   a - +1 dagger
rCold    . . .     Gourm    .   (no shield)
rNeg     . . .     Faith    .   b - +0 robe
rPois    .         Spirit   +   (no helmet)
rElec    .         Reflect  .   (no cloak)
rCorr    .         Harm     .   (no gloves)
MR       .....                  (no boots)
Stlth    +++.......             (no amulet)
HPRegen  0.05/turn              (no ring)
MPRegen  0.10/turn              (no ring)

@: no status effects
A: fangs 2, magic shield, antimagic bite, no potion heal 3, rot immunity
a: no special abilities


You were on level 2 of the Dungeon.
You were not hungry.

You visited 1 branch of the dungeon, and saw 2 of its levels.

You collected 55 gold pieces.

Inventory:

Hand Weapons
 a - a +1 dagger (weapon)
Armour
 b - a +0 robe (worn)
Jewellery
 c - an uncursed amulet of guardian spirit {unknown}
 m - a cursed -2 ring of intelligence {unknown}
Wands
 k - a wand of paralysis (18)
Scrolls
 g - a scroll of enchant weapon {unknown}
 i - a scroll of blinking {unknown}
 j - 4 scrolls of remove curse {unknown}
 l - a scroll of identify {unknown}
Potions
 e - 4 potions of curing {unknown}
 h - a potion of invisibility {unknown}
 n - a potion of degeneration {unknown}
Comestibles
 d - 5 rations
 f - a chunk of flesh


   Skills:
 + Level 2.1 Short Blades
 - Level 1.5 Dodging
 + Level 4.7 Stealth
 - Level 2.1 Spellcasting
 - Level 3.0 Hexes


You had 5 spell levels left.
You knew the following spells:

 Your Spells              Type           Power        Failure   Level  Hunger
a - Corona                Hex            ##.....      6%          1    #......

Your spell library contained the following spells:

 Spells                   Type           Power        Failure   Level  Hunger
 Ensorcelled Hibernation  Hex/Ice        #.....       19%         2    ###....
 Confuse                  Hex            ##......     19%         3    ###....
 Tukima's Dance           Hex            ##......     19%         3    ###....
 Dazzling Spray           Conj/Hex       #.....       34%         3    ###....


Dungeon Overview and Level Annotations

Branches:
Dungeon (2/15)

Altars:
Kikubaaqudgha
Nemelex Xobeh


Innate Abilities, Weirdness & Mutations

You have extremely sharp teeth.
When hurt, damage is shared between your health and your magic reserves.
Your bite disrupts and absorbs the magic of your enemies.
Potions cannot restore your health.
You are immune to rotting.


Message History

The frilled lizard is outlined in light.
You hit the frilled lizard.
You kill the frilled lizard!
Magic restored.
Some of the chunks of flesh in your inventory have rotted away. 3 gnolls come into view.
The gnoll shouts! x3
The gnoll hits you with a spear!
You hit the gnoll but do no damage. The gnoll hits you with a spear.
You closely miss the gnoll. The gnoll hits you with a spear.
The gnoll hits you from afar with a spear.
* * * LOW HITPOINT WARNING * * *
The gnoll throws a throwing net.
The throwing net hits you.
You become entangled in the net!
You see here a throwing net.
You struggle against the net.
You struggle against the net.
You shred the net and break free!
The gnoll hits you from afar with a spear!
You die...

#.### #.#.##
###....##
+.......######
###..........#
#.#..#####.#
#.##.# #.#
#.##.### #.#
#....@.# #.#
####.#.# #.#
#.#g# #.#
#.#g###.#
#..g....#
###.#####
#.######.#
....gg...#
#.########


You could see 3 gnolls.

Vanquished Creatures
  2 worms (D:2)
  A dart slug (D:2)
  3 leopard geckos
  4 goblins
  4 hobgoblins
  A ball python (D:1)
  5 bats
  6 frilled lizards
  A kobold (D:2)
  4 rats (D:1)
31 creatures vanquished.

Notes
Turn   | Place    | Note
-------+----------+-------------------------------------------
     0 | D:1      | Harpaggios the Vine Stalker Enchanter began the quest for
                  | the Orb.
     0 | D:1      | Reached XP level 1. HP: 9/9 MP: 4/4
    16 | D:1      | Reached skill level 1 in Short Blades
   407 | D:1      | Reached skill level 4 in Stealth
   479 | D:1      | Reached XP level 2. HP: 13/13 MP: 6/6
  1483 | D:2      | Reached XP level 3. HP: 16/16 MP: 7/7
  1692 | D:2      | Found a sparkling altar of Nemelex Xobeh.
  1837 | D:2      | Found an ancient bone altar of Kikubaaqudgha.
  2155 | D:2      | Slain by a gnoll

Skill      XL: |  1  2  3 |
---------------+----------+-----
Short Blades   | 1 2 |  2.1
Stealth        | 4 |  4.7
Dodging        | |  1.5
Spellcasting   | |  2.1
Hexes          | |  3.0

Action                   || total
-------------------------++-------
Melee: Dagger            ||    89
       Bite              ||    14
 Cast: Corona            ||     7
 Stab: Sleeping          ||    13
  Eat: Chunk             ||     4
Armor: Robe              ||    21
Dodge: Dodged            ||    46
